Map: Interloper LE

Players

Winthrowe - Winner!

  • Race: Terran Terran
  • League: Silver
  • Spawn Location: 5:00

A.I. 1 (Hard)

  • Race: Terran Terran
  • Spawn Location: 11:00

VOD

Have the link to the VOD?

Description

Time

  • Played on: Aug. 19, 2017, 1:32 p.m.
  • Length: 19:19
Show
View Real Time Build Order
Export as new Build Order

Winthrowe Terran - Winner!

Build Orders: Bio Hellbat 

Get SALT Encoding   

  12  0:01  SCV  
  13  0:15  Supply Depot  
  13  0:18  SCV  
  14  0:30  SCV  
  15  0:39  Barracks  
  15  0:43  SCV  
  16  0:55  SCV  
  17  1:03  Refinery  
  17  1:07  SCV  
  18  1:19  SCV  
  19  1:27  Supply Depot  
  19  1:30  Marine  
  19  1:31  SCV  
  21  1:43  SCV  
  21  1:45  Refinery  
  22  1:48  Marine  
  23  1:55  SCV  
  23  2:00  Barracks  
  24  2:06  Marine  
  24  2:07  SCV  
  26  2:20  Orbital Command  
  26  2:24  Marine  
  27  2:50  Barracks Tech Lab  
  27  2:51  Marine  
  27  2:52  Command Center  
  27  2:57  SCV  
  29  3:09  Marine, SCV  
  31  3:14  Engineering Bay  
  31  3:25  Supply Depot x2  
  31  3:41  Stimpack  
  31  3:46  Marine  
  31  3:47  Marauder  
  34  3:49  Supply Depot  
  34  4:00  Factory  
  34  4:04  Marine  
  34  4:05  Planetary Fortress  
  34  4:07  SCV  
  36  4:20  SCV  
  36  4:22  Marine  
  38  4:25  Marine  
  39  4:32  SCV  
  40  4:40  Marine  
  40  4:42  Marine  
  42  4:45  Factory Reactor  
  42  4:56  Refinery  
  42  4:58  Marine  
  43  5:00  Marine  
  43  5:02  Engineering Bay  
  44  5:15  Marine  
  44  5:18  Marine  
  46  5:21  Refinery  
  46  5:28  Armory  
  46  5:31  Terran Infantry Weapons Level 1  
  46  5:32  Terran Infantry Armor Level 1  
  46  5:33  Marine  
  47  5:36  Marine  
  47  5:42  Combat Shields  
  48  5:46  Cyclone  
  48  5:49  SCV  
  52  5:50  SCV  
  52  5:51  Marine  
  52  5:54  Marine  
  55  6:01  SCV  
  55  6:02  SCV  
  57  6:09  Marine  
  58  6:12  Marauder  
  58  6:13  SCV  
  58  6:14  SCV  
  58  6:17  Hellbat  
  64  6:18  Hellbat  
  66  6:27  Marine  
  66  6:29  Starport  
  67  6:33  Marauder  
  69  6:44  Marine  
  70  6:48  Supply Depot  
  70  6:51  Supply Depot  
  70  6:52  Supply Depot  
  70  7:01  Concussive Shells  
  70  7:09  Marine x2  
  70  7:10  Hellbat x2  
  70  7:14  Supply Depot  
  76  7:16  Supply Depot  
  76  7:17  Supply Depot  
  76  7:19  Starport Tech Lab  
  76  7:27  Marine x2  
  76  7:29  Terran Infantry Weapons Level 2  
  78  7:31  Terran Infantry Armor Level 2, Hellbat x2  
  82  7:45  Marine x2  
  84  7:53  Hellbat x2  
  88  7:59  Terran Vehicle And Ship Armor Level 1  
  88  8:03  Marine x2  
  90  8:09  Fusion Core  
  90  8:12  High Capacity Fuel Tanks  
  90  8:14  Hellbat x2  
  94  8:21  Marine x2  
  96  9:00  Infernal Pre-Igniter  
  96  9:07  Marine  
  96  9:08  Marine x2  
  99  9:18  Thor  
  105  9:25  Marine  
  105  9:26  Marine x2  
  105  9:29  Medivac  
  110  9:43  Marine  
  110  9:44  Marine x2  
  108  9:59  Medivac  
  110  10:01  Marine x3, Thor  
  116  10:15  Supply Depot  
  116  10:19  Marine  
  102  10:29  Medivac  
  102  10:36  Supply Depot  
  102  10:54  Marine  
  102  10:55  Marine x2  
  105  10:58  Supply Depot  
  105  10:59  Battlecruiser, Hellbat  
  113  11:12  Marine  
  113  11:13  Marine x2  
  116  11:21  Hellbat  
  116  11:22  Supply Depot  
  118  11:30  Marine  
  118  11:31  Marine x2  
  121  11:42  Hellbat  
  121  11:44  Supply Depot  
  123  11:48  Marine x3  
  126  12:03  Battlecruiser  
  126  12:04  Hellbat  
  126  12:06  Marine x3, Supply Depot  
  137  12:24  Marine x3  
  137  12:25  Hellbat  
  137  12:29  Supply Depot  
  110  12:41  Marine  
  110  12:42  Marine x2  
  76  12:46  Hellbat  
  73  12:52  Supply Depot  
  71  12:59  Marine  
  71  13:00  Marine x2  
  68  13:07  Medivac  
  68  13:08  Hellbat  
  69  13:17  Marine x3  
  68  13:29  Hellion  
  70  13:35  Marine x3  
  70  13:37  Medivac  
  69  13:51  Hellion  
  69  13:53  Marine  
  72  14:07  Viking  
  74  14:12  Hellion  
  76  14:18  Marine x3  
  79  14:33  Thor  
  79  14:36  Marine x3  
  79  14:37  Battlecruiser  
  88  14:53  Marine  
  88  14:54  Marine x2  
  89  15:11  Marine  
  89  15:12  Marine x2  
  89  15:29  Marine  
  90  15:41  Battlecruiser  
  88  16:12  Marine  
  88  16:13  Marine x2  
  91  16:24  Hellion  
  93  16:30  Marine x3  
  96  16:45  Hellion  
  98  16:48  Marine x3  
  101  16:59  Orbital Command  
  101  17:06  Marine x3  
  93  17:24  Marine  
  78  18:49  Marine x3  
Show
View Real Time Build Order
Export as new Build Order

A.I. 1 (Hard) Terran 

Build Orders: MMM Bio 

Get SALT Encoding   

  12  0:00  SCV  
  13  0:13  SCV  
  14  0:19  Supply Depot  
  14  0:25  SCV  
  15  0:40  SCV  
  15  0:42  Barracks  
  16  0:52  SCV  
  17  1:04  SCV  
  18  1:17  Command Center  
  18  1:28  Marine  
  18  1:32  Orbital Command  
  19  1:37  Supply Depot  
  19  1:44  Refinery  
  19  1:46  Marine  
  20  1:57  SCV  
  20  2:00  Barracks  
  21  2:07  Refinery  
  21  2:08  Marine  
  22  2:10  SCV  
  23  2:22  SCV  
  24  2:26  Marine, Supply Depot  
  25  2:35  SCV  
  26  2:45  Barracks Tech Lab  
  26  2:46  Marine  
  26  2:48  SCV  
  28  3:00  Refinery  
  28  3:01  SCV  
  28  3:03  SCV  
  28  3:04  Marine  
  31  3:11  Marauder  
  33  3:13  SCV  
  34  3:21  Factory  
  34  3:22  Barracks Tech Lab  
  34  3:29  Factory  
  34  3:32  Marauder  
  36  3:53  Refinery  
  36  4:06  Hellion  
  36  4:08  Starport  
  38  4:12  Starport  
  38  4:13  Factory Tech Lab  
  38  4:15  SCV  
  38  4:17  SCV, Reaper  
  41  4:27  SCV  
  41  4:28  Factory Tech Lab  
  41  4:29  SCV  
  43  4:32  Siege Tank  
  43  4:38  Stimpack  
  46  4:39  SCV  
  46  4:41  SCV  
  46  4:44  Starport Tech Lab  
  48  4:46  Supply Depot  
  48  4:49  Starport Tech Lab  
  48  4:51  SCV  
  49  4:53  SCV  
  49  4:58  Combat Shields  
  50  5:04  SCV  
  50  5:06  Engineering Bay  
  51  5:12  SCV  
  52  5:16  SCV  
  53  5:24  Marine, SCV  
  53  5:28  SCV  
  56  5:32  Terran Infantry Armor Level 1, Supply Depot  
  56  5:35  Marine  
  57  5:36  SCV  
  57  5:40  SCV  
  59  5:46  Marine  
  59  5:48  SCV  
  61  5:54  SCV  
  61  5:56  Supply Depot  
  62  5:58  Marine  
  62  6:00  SCV  
  64  6:10  Marauder  
  66  6:17  Concussive Shells  
  66  6:18  SCV  
  67  6:19  SCV  
  67  6:21  Supply Depot, Marauder  
  70  6:33  Marauder  
  70  6:35  Missile Turret  
  70  6:38  Missile Turret  
  72  6:42  Raven, Missile Turret, SCV  
  72  6:44  Supply Depot, SCV, Reaper  
  77  6:51  Missile Turret  
  77  6:54  SCV  
  77  6:56  Hellion  
  77  6:58  Sensor Tower  
  80  7:01  Bunker  
  80  7:05  Armory  
  80  7:06  Raven, SCV  
  80  7:07  Siege Tank  
  80  7:08  SCV  
  87  7:09  Supply Depot  
  87  7:18  Siege Tank  
  87  7:19  Bunker  
  87  7:22  Barracks  
  90  7:26  Terran Infantry Weapons Level 1  
  90  8:10  Barracks Reactor  
  90  9:14  Marine, Medivac x2  
  90  9:15  Terran Vehicle Weapons Level 1  
  95  9:17  Marine  
  95  9:18  Supply Depot  
  95  9:20  Terran Infantry Armor Level 2, Marine, Ghost Academy  
  95  9:23  Marine  
  98  9:24  Fusion Core  
  98  9:25  Command Center  
  98  9:29  Engineering Bay  
  98  9:34  Armory  
  98  9:39  Marine  
  98  9:41  Marine  
  98  9:42  Supply Depot  
  98  9:44  Raven, Medivac  
  98  9:45  Reaper  
  104  9:48  Reaper  
  99  9:54  Terran Infantry Weapons Level 2  
  99  9:56  Ghost  
  99  9:59  Reaper  
  102  10:14  Raven  
  104  10:21  Terran Vehicle And Ship Armor Level 1  
  104  10:22  Reaper  
  104  10:24  Marine  
  104  10:27  Marine  
  92  10:31  Marine  
  92  10:36  SCV  
  92  10:38  SCV  
  92  10:39  SCV  
  92  10:42  Marine  
  95  10:45  Marine, Refinery  
  95  10:48  SCV  
  95  10:49  Marine  
  99  10:50  SCV  
  99  10:51  Missile Turret, SCV  
  99  10:53  Missile Turret  
  99  10:54  Marine  
  99  10:55  Refinery  
  102  11:00  SCV  
  102  11:03  Marauder  
  105  11:08  SCV  
  105  11:09  Terran Ship Weapons Level 1  
  105  11:10  SCV  
  107  11:13  Bunker, SCV  
  107  11:46  Command Center  
  105  12:30  Reaper  
  105  12:34  Marauder  
  105  12:36  Reaper  
  93  12:38  Terran Infantry Weapons Level 3  
  93  12:39  Terran Infantry Armor Level 3, Terran Vehicle Weapons Level 2, Reaper  
  93  12:41  Supply Depot  
  93  12:43  Viking  
  86  12:48  Command Center  
  79  12:54  Marine  
  76  12:59  Viking  
  76  13:02  Marine  
  76  13:03  Terran Vehicle And Ship Armor Level 2  
  79  13:05  Supply Depot  
  79  13:08  Marine  
  79  13:11  Marine  
  79  13:12  Marine  
  78  13:13  Raven  
  80  13:20  Marauder  
  80  13:26  Marine  
  81  13:29  Marine, Raven  
  81  13:30  Marine, Siege Tank  
  83  13:39  Siege Tank  
  81  13:42  Marauder  
  81  13:44  Marine  
  81  13:47  Marine  
  81  13:48  Marine  
  83  13:56  Viking  
  83  14:01  Marine  
  86  14:03  Marine  
  86  14:05  Marine  
  86  14:06  Marine  
  89  14:19  Marine  
  89  14:20  Ghost  
  89  14:23  Marine x2  
  93  14:33  High Capacity Fuel Tanks  
  93  14:37  Marine  
  94  14:41  Marine x2  
  88  14:48  Viking  
  88  14:49  Marine  
  88  14:51  Viking  
  74  14:54  Terran Ship Weapons Level 2  
  74  14:57  Marine  
  76  15:00  Siege Tank, Marauder  
  76  15:03  Marine  
  80  15:07  Marauder  
  80  15:12  Siege Tank  
  81  15:15  Marine, Neosteel Frame  
  81  15:16  Building Armor  
  81  15:19  Terran Vehicle Weapons Level 3  
  81  15:20  Marine  
  84  15:21  Marauder  
  84  15:23  Missile Turret  
  84  15:27  SCV  
  70  15:28  Marine  
  70  15:29  SCV  
  70  15:30  SCV  
  70  15:32  Marine  
  69  15:38  Marine, Raven  
  69  15:39  SCV  
  69  15:41  SCV  
  69  15:42  Marine  
  63  15:46  Ghost  
  63  15:48  Medivac  
  54  15:50  Marine  
  54  15:56  Marine  
  45  16:00  Marauder  
  45  16:06  Command Center  
  45  16:07  Hellion  
  45  16:08  Marine  
  48  16:12  SCV  
  48  16:14  Marine  
  48  16:16  Marine, SCV  
  48  16:17  Viking  
  47  16:21  Marine  
  47  16:24  SCV  
  49  16:26  Marine, Hellion  
  52  16:33  Marauder  
  52  16:34  Marine  
  52  16:39  Marine, Viking  
  58  16:43  Hellion  
  58  16:44  SCV  
  58  16:45  SCV  
  62  16:48  Marine  
  62  16:51  Raven  
  62  16:53  Ghost  
  65  16:54  Command Center  
  65  16:56  SCV  
  65  16:58  Siege Tank  
  71  17:03  Refinery  
  71  17:04  Siege Tank  
  72  17:09  Medivac  
  48  17:30  Thor  
  48  17:34  Medivac  
Tags
 
League
Silver
Matchup
TvT
Race
Terran
Spawn Locations
Cross Positions
Add a new tag
Caveats
  • Supply blocks, unpowered buildings, or Contaminate may cause inaccurate times.
  • Supply counts are checked every 10 seconds.